TOP OF THE 1ST |
Hudson Valley Renegades batting - Pitching for Tri-City ValleyCats : RHP Shitoshi Sai
|
Pitching: RHP Shitoshi Sai
|
|
Batting: LHB Dan Hunt
|
0-0: Ball 1-0: Called Strike 1-1: Called Strike 1-2: Strikes out swinging
|
Batting: SHB Josif Popovski
|
0-0: Called Strike 0-1: Swinging Strike 0-2: Ball 1-2: Ball 2-2: Ground out 5-3 (Groundball, 56, EV 77.5 MPH)
|
Batting: LHB Rocky Crowley
|
0-0: Ball 1-0: Reached on error, E4 (Groundball, 4, EV 82.5 MPH)
|
Batting: LHB Jonathan Spino
|
0-0: Foul Ball, location: 2F 0-1: Ball 1-1: Ball 2-1: Foul Ball, location: 2F 2-2: Fielders Choice at 2nd, 6-4 (Groundball, 6, EV 106.2 MPH)
|
Top of the 1st over - 0 runs, 0 hits, 1 error, 1 left on base; Hudson Valley 0 - Tri-City 0 |
BOTTOM OF THE 1ST |
Tri-City ValleyCats batting - Pitching for Hudson Valley Renegades : LHP Kazuyoshi Miyazaki
|
Pitching: LHP Kazuyoshi Miyazaki
|
|
Batting: RHB Omar Amaya
|
0-0: Fly out, F8 (Line Drive, 89M, EV 92.5 MPH)
|
Batting: LHB Wade Girard
|
0-0: Foul Ball, location: 2F 0-1: Ball 1-1: Ball 2-1: Ground out 4-3 (Groundball, 4, EV 90.0 MPH)
|
Batting: RHB Erik Smith
|
0-0: Called Strike 0-1: Called Strike 0-2: SINGLE (Line Drive, 8LS, EV 102.5 MPH)
|
Batting: LHB Bruce Arvizu
|
0-0: Called Strike 0-1: Ball 1-1: Ball 2-1: Swinging Strike 2-2: SINGLE (Groundball, 34, EV 101.9 MPH) Erik Smith to second Runner from 2nd tries for 3rd, SAFE, no throw by RF
|
Batting: RHB Dinand Brouwer
|
0-0: Swinging Strike 0-1: Called Strike 0-2: Foul Ball, location: 2F 0-2: Ball 1-2: DOUBLE (Line Drive, 3D, EV 94.4 MPH) Erik Smith scores Bruce Arvizu to third Runner from 3rd tries for Home, SAFE, no throw by RF
|
Batting: RHB Steve Moore
|
0-0: DOUBLE (Line Drive, 7LM, EV 102.5 MPH) Dinand Brouwer scores
|
Batting: RHB Drew Coleman
|
0-0: Ball 1-0: Called Strike 1-1: Foul Ball, location: 2F 1-2: Ball 2-2: Foul Ball, location: 2F 2-2: Ball 3-2: Base on Balls
|
Batting: RHB Yoshitoshi Mori
|
0-0: Fly out, F9 (Flyball, 89D, EV 90.6 MPH)
|
Bottom of the 1st over - 3 runs, 4 hits, 0 errors, 2 left on base; Hudson Valley 0 - Tri-City 3 |
TOP OF THE 2ND |
Hudson Valley Renegades batting - Pitching for Tri-City ValleyCats : RHP Shitoshi Sai
|
Batting: RHB Jon Gonzales
|
0-0: Called Strike 0-1: SINGLE (Line Drive, 89S, EV 92.5 MPH)
|
Batting: LHB Helmut Steggall
|
0-0: Ball 1-0: Ball 2-0: Ball 3-0: Called Strike 3-1: DOUBLE (Flyball, 89D, EV 96.2 MPH) Jon Gonzales to third
|
Batting: RHB Alex Koral
|
0-0: Foul Ball, location: 2F 0-1: Ball 1-1: Ball 2-1: Ball 3-1: Base on Balls
|
Batting: RHB Evan Chalarian
|
0-0: Ball 1-0: Foul Ball, location: 2F 1-1: Ball 2-1: Foul Ball, location: 2F Balk! Jon Gonzales scores Helmut Steggall to third Alex Koral to second 2-2: Ball 3-2: Ground out 6-3 (Groundball, 6, EV 81.2 MPH) Helmut Steggall scores Alex Koral to third
|
Batting: RHB Jesus Carrillo
|
0-0: Ball 1-0: Fly out, F3 (Line Drive, 3L, EV 66.9 MPH)
|
Batting: LHB Dan Hunt
|
0-0: Called Strike 0-1: Ball 1-1: SINGLE (Line Drive, 4D, EV 103.1 MPH) Alex Koral scores
|
Batting: SHB Josif Popovski
|
0-0: Foul Ball, location: 2F 0-1: Ball Dan Hunt steals 2nd base 1-1: Fly out, F9 (Flyball, 9LM, EV 91.2 MPH)
|
Top of the 2nd over - 3 runs, 3 hits, 0 errors, 1 left on base; Hudson Valley 3 - Tri-City 3 |
BOTTOM OF THE 2ND |
Tri-City ValleyCats batting - Pitching for Hudson Valley Renegades : LHP Kazuyoshi Miyazaki
|
Batting: LHB Omar Marquez
|
0-0: Ball 1-0: Ball 2-0: Ball 3-0: Base on Balls
|
Batting: RHB Omar Amaya
|
0-0: Ball Omar Marquez steals 2nd base 1-0: Called Strike 1-1: Foul Ball, location: 2F 1-2: Ball 2-2: Foul Ball, location: 2F 2-2: Strikes out swinging
|
Batting: LHB Wade Girard
|
0-0: Ball 1-0: Called Strike 1-1: Ground out 6-3 (Groundball, 6, EV 100.0 MPH)
|
Batting: RHB Erik Smith
|
0-0: Called Strike 0-1: Ball 1-1: Foul Ball, location: 2F 1-2: Strikes out swinging
|
Bottom of the 2nd over - 0 runs, 0 hits, 0 errors, 1 left on base; Hudson Valley 3 - Tri-City 3 |
TOP OF THE 3RD |
Hudson Valley Renegades batting - Pitching for Tri-City ValleyCats : RHP Shitoshi Sai
|
Batting: LHB Rocky Crowley
|
0-0: Ball 1-0: SINGLE (Groundball, 3D, EV 103.8 MPH)
|
Batting: LHB Jonathan Spino
|
0-0: Ball 1-0: Ball Wild Pitch! Rocky Crowley to second 2-0: Called Strike 2-1: Ball 3-1: Called Strike 3-2: Strikes out looking
|
Batting: RHB Jon Gonzales
|
0-0: Ball 1-0: Ball 2-0: Foul Ball, location: 2F 2-1: Foul Ball, location: 2F 2-2: Ball 3-2: Base on Balls
|
Batting: LHB Helmut Steggall
|
0-0: Ball 1-0: Called Strike 1-1: Reached on error, E6 (Groundball, 6, EV 80.6 MPH) Rocky Crowley to third Jon Gonzales to second
|
Batting: RHB Alex Koral
|
0-0: SINGLE (Line Drive, 8LS, EV 94.4 MPH) Rocky Crowley scores Jon Gonzales to third Helmut Steggall to second
|
Batting: RHB Evan Chalarian
|
0-0: Foul Ball, location: 2F 0-1: Foul Ball, location: 2F 0-2: Ball 1-2: Foul Ball, location: 2F 1-2: Ball 2-2: Foul Ball, location: 2F 2-2: Foul Ball, location: 2F 2-2: Strikes out swinging
|
Batting: RHB Jesus Carrillo
|
0-0: Ball 1-0: SINGLE (Groundball, 4D, EV 94.4 MPH) Jon Gonzales scores Helmut Steggall to third Alex Koral to second
|
Batting: LHB Dan Hunt
|
0-0: Swinging Strike 0-1: Called Strike 0-2: Ball 1-2: Ball 2-2: DOUBLE (Groundball, 3L, EV 106.9 MPH) Helmut Steggall scores Alex Koral scores Jesus Carrillo to third Runner from 3rd tries for Home, SAFE, throw by RF to trailing runner, SAFE at third!
|
Pitching: LHP Ruben Rojas
|
|
Batting: SHB Josif Popovski
|
0-0: Ball 1-0: Foul Ball, location: 2F 1-1: Ball 2-1: Ball 3-1: Base on Balls
|
Batting: LHB Rocky Crowley
|
0-0: Ball 1-0: Called Strike 1-1: Swinging Strike 1-2: Strikes out swinging
|
Top of the 3rd over - 5 runs, 4 hits, 1 error, 2 left on base; Hudson Valley 8 - Tri-City 3 |
BOTTOM OF THE 3RD |
Tri-City ValleyCats batting - Pitching for Hudson Valley Renegades : LHP Kazuyoshi Miyazaki
|
Batting: LHB Bruce Arvizu
|
0-0: Ball 1-0: Ball 2-0: Ball 3-0: Base on Balls
|
Batting: RHB Dinand Brouwer
|
0-0: Called Strike Bruce Arvizu is caught stealing 2nd base 2-4 0-1: Ground out 4-3 (Groundball, 4, EV 98.1 MPH)
|
Batting: RHB Steve Moore
|
0-0: Ball 1-0: Called Strike 1-1: Ball 2-1: Foul Ball, location: 2F 2-2: Ball 3-2: Foul Ball, location: 2F 3-2: Foul Ball, location: 2F 3-2: Strikes out swinging
|
Bottom of the 3rd over - 0 runs, 0 hits, 0 errors, 0 left on base; Hudson Valley 8 - Tri-City 3 |
TOP OF THE 4TH |
Hudson Valley Renegades batting - Pitching for Tri-City ValleyCats : LHP Ruben Rojas
|
Batting: LHB Jonathan Spino
|
0-0: Ball 1-0: SINGLE (Groundball, 6MD, EV 103.8 MPH)
|
Batting: RHB Jon Gonzales
|
0-0: Fly out, F8 (Line Drive, 8LM, EV 106.2 MPH)
|
Batting: LHB Helmut Steggall
|
0-0: Foul Ball, location: 2F 0-1: Ball Jonathan Spino steals 2nd base 1-1: Swinging Strike 1-2: Ball 2-2: Foul Ball, location: 2F 2-2: Strikes out swinging
|
Batting: RHB Alex Koral
|
0-0: Called Strike 0-1: Ball 1-1: Ball 2-1: Swinging Strike 2-2: Strikes out swinging
|
Top of the 4th over - 0 runs, 1 hit, 0 errors, 1 left on base; Hudson Valley 8 - Tri-City 3 |
BOTTOM OF THE 4TH |
Tri-City ValleyCats batting - Pitching for Hudson Valley Renegades : LHP Kazuyoshi Miyazaki
|
Batting: RHB Drew Coleman
|
0-0: Ball 1-0: Ground out U3 (Groundball, 34, EV 80.0 MPH)
|
Batting: RHB Yoshitoshi Mori
|
0-0: Ball 1-0: Foul Ball, location: 2F 1-1: Ball 2-1: Called Strike 2-2: Ball 3-2: Foul Ball, location: 2F 3-2: Foul Ball, location: 2F 3-2: Reached on error, E5 (Groundball, 5, EV 95.0 MPH)
|
Batting: LHB Omar Marquez
|
0-0: Ball 1-0: Foul Ball, location: 2F 1-1: Swinging Strike 1-2: Strikes out looking
|
Batting: RHB Omar Amaya
|
0-0: Ball 1-0: Called Strike 1-1: Fly out, F2 (Popup, 3SF, EV 88.8 MPH)
|
Bottom of the 4th over - 0 runs, 0 hits, 1 error, 1 left on base; Hudson Valley 8 - Tri-City 3 |
TOP OF THE 5TH |
Hudson Valley Renegades batting - Pitching for Tri-City ValleyCats : LHP Ruben Rojas
|
Batting: RHB Evan Chalarian
|
0-0: Swinging Strike 0-1: SINGLE (Line Drive, 7S, EV 100.0 MPH)
|
Batting: RHB Jesus Carrillo
|
0-0: Called Strike 0-1: Ball 1-1: Ball 2-1: DOUBLE (Line Drive, 89D, EV 101.2 MPH) Evan Chalarian to third
|
Batting: LHB Dan Hunt
|
0-0: Swinging Strike 0-1: Fly out, F4 (Line Drive, 4, EV 66.9 MPH) Lined into DP, 4-6 (Line Drive, 4, EV 63.8 MPH)
|
Batting: SHB Josif Popovski
|
0-0: Ball 1-0: Swinging Strike 1-1: Swinging Strike Passed Ball! Evan Chalarian scores 1-2: Strikes out swinging
|
Top of the 5th over - 1 run, 2 hits, 0 errors, 0 left on base; Hudson Valley 9 - Tri-City 3 |
BOTTOM OF THE 5TH |
Tri-City ValleyCats batting - Pitching for Hudson Valley Renegades : LHP Kazuyoshi Miyazaki
|
Batting: LHB Wade Girard
|
0-0: Ball 1-0: Ball 2-0: Called Strike 2-1: Ball 3-1: Ground out 5-3 (Groundball, 5, EV 85.0 MPH)
|
Batting: RHB Erik Smith
|
0-0: Called Strike 0-1: Ball 1-1: SOLO HOME RUN (Flyball, 8RXD, EV 111.2 MPH), Distance : 439 ft
|
Batting: LHB Bruce Arvizu
|
0-0: Ball 1-0: Fly out, F7 (Flyball, 78M, EV 85.6 MPH)
|
Batting: RHB Dinand Brouwer
|
0-0: Foul Ball, location: 2F 0-1: Ball 1-1: Ground out U3 (Groundball, 13, EV 83.8 MPH)
|
Bottom of the 5th over - 1 run, 1 hit, 0 errors, 0 left on base; Hudson Valley 9 - Tri-City 4 |
TOP OF THE 6TH |
Hudson Valley Renegades batting - Pitching for Tri-City ValleyCats : LHP Ruben Rojas
|
Batting: LHB Rocky Crowley
|
0-0: Called Strike 0-1: Called Strike 0-2: Ball 1-2: Ball 2-2: Ground out U3 (Groundball, 34S, EV 68.8 MPH)
|
Batting: LHB Jonathan Spino
|
0-0: Ball 1-0: Called Strike 1-1: Fly out, F8 (Line Drive, 8LD, EV 85.0 MPH)
|
Batting: RHB Jon Gonzales
|
0-0: Ball 1-0: Ball 2-0: Ground out 6-3 (Groundball, 6, EV 103.8 MPH)
|
Top of the 6th over - 0 runs, 0 hits, 0 errors, 0 left on base; Hudson Valley 9 - Tri-City 4 |
BOTTOM OF THE 6TH |
Tri-City ValleyCats batting - Pitching for Hudson Valley Renegades : LHP Kazuyoshi Miyazaki
|
Batting: RHB Steve Moore
|
0-0: Called Strike 0-1: Ball 1-1: Foul Ball, location: 2F 1-2: Fly out, F8 (Flyball, 8RXD, EV 85.0 MPH)
|
Batting: RHB Drew Coleman
|
0-0: Ball 1-0: Ball 2-0: Ball 3-0: Base on Balls
|
Batting: RHB Yoshitoshi Mori
|
0-0: Ball Drew Coleman is caught stealing 2nd base 2-4 1-0: Ball 2-0: Ball 3-0: Base on Balls
|
Batting: LHB Omar Marquez
|
0-0: Called Strike 0-1: Swinging Strike 0-2: Ball 1-2: Ball 2-2: Ball 3-2: Base on Balls Yoshitoshi Mori to second
|
Pitching: LHP Toshiaki Wada
|
|
Batting: RHB Omar Amaya
|
0-0: Called Strike 0-1: Foul Ball, location: 2F 0-2: Ball 1-2: Ball 2-2: Ball Passed Ball! Yoshitoshi Mori to third Omar Marquez to second 3-2: Foul Ball, location: 2F 3-2: Foul Ball, location: 2F 3-2: Strikes out swinging
|
Bottom of the 6th over - 0 runs, 0 hits, 0 errors, 2 left on base; Hudson Valley 9 - Tri-City 4 |
TOP OF THE 7TH |
Hudson Valley Renegades batting - Pitching for Tri-City ValleyCats : LHP Ruben Rojas
|
Batting: LHB Helmut Steggall
|
0-0: Foul Ball, location: 2F 0-1: Foul Ball, location: 2F 0-2: Ball 1-2: Ball 2-2: Ball 3-2: Base on Balls
|
Batting: RHB Alex Koral
|
0-0: 2-RUN HOME RUN (Flyball, 78XD, EV 95.6 MPH), Distance : 396 ft
|
Pitching: RHP Russ Greer
|
|
Pinch Hitting: RHB Devin Brown
|
0-0: Called Strike 0-1: Called Strike 0-2: Ball 1-2: Ball 2-2: Ball 3-2: Fly out, F8 (Flyball, 8LD, EV 89.4 MPH)
|
Batting: RHB Jesus Carrillo
|
0-0: Called Strike 0-1: Ball 1-1: Foul Ball, location: 2F 1-2: Ground out 5-3 (Groundball, 56S, EV 65.0 MPH)
|
Pinch Hitting: SHB Chris Lockart
|
0-0: SINGLE (Groundball, 3S, EV 62.5 MPH) (infield hit)
|
Batting: SHB Josif Popovski
|
0-0: Ball 1-0: Ball 2-0: Ground out 1-3 (Groundball, 13, EV 76.9 MPH)
|
Top of the 7th over - 2 runs, 2 hits, 0 errors, 1 left on base; Hudson Valley 11 - Tri-City 4 |
BOTTOM OF THE 7TH |
Tri-City ValleyCats batting - Pitching for Hudson Valley Renegades : LHP Toshiaki Wada
|
Now at 3B: Devin Brown
|
|
Now in CF: Jonathan Spino
|
|
Now in RF: Chris Lockart
|
|
Pinch Hitting: RHB To-wai Chen
|
0-0: Called Strike 0-1: SINGLE (Line Drive, 78M, EV 110.6 MPH)
|
Batting: RHB Erik Smith
|
0-0: Ball 1-0: Foul Ball, location: 2F 1-1: Called Strike 1-2: Strikes out swinging
|
Pinch Hitting: SHB Sean Hill
|
0-0: Fly out, F8 (Line Drive, 8RD, EV 103.1 MPH)
|
Pinch Hitting: RHB J.R. Roberts
|
0-0: 2-RUN HOME RUN (Flyball, 7D, EV 96.2 MPH), Distance : 368 ft
|
Batting: RHB Steve Moore
|
0-0: Swinging Strike 0-1: Swinging Strike 0-2: Ball 1-2: Strikes out looking
|
Bottom of the 7th over - 2 runs, 2 hits, 0 errors, 0 left on base; Hudson Valley 11 - Tri-City 6 |
TOP OF THE 8TH |
Hudson Valley Renegades batting - Pitching for Tri-City ValleyCats : RHP Russ Greer
|
Now at 1B: J.R. Roberts
|
|
Now at 2B: Steve Moore
|
|
Now at 3B: To-wai Chen
|
|
Now in LF: Sean Hill
|
|
Batting: LHB Rocky Crowley
|
0-0: Ball 1-0: Ground out 4-3 (Groundball, 34D, EV 108.1 MPH)
|
Batting: LHB Jonathan Spino
|
0-0: Ball 1-0: Foul Ball, location: 2F 1-1: Ball 2-1: Foul Ball, location: 2F 2-2: Ball 3-2: Ground out U3 (Groundball, 3L, EV 103.1 MPH)
|
Batting: RHB Jon Gonzales
|
0-0: Ball 1-0: SINGLE (Groundball, 6MD, EV 94.4 MPH)
|
Batting: LHB Helmut Steggall
|
0-0: Ball Wild Pitch! Jon Gonzales to second 1-0: Ball 2-0: Ball 3-0: Base on Balls
|
Batting: RHB Alex Koral
|
Balk! Jon Gonzales to third Helmut Steggall to second 0-0: Foul Ball, location: 2F 0-1: Ball 1-1: Ball 2-1: Ball 3-1: Foul Ball, location: 2F 3-2: Base on Balls
|
Batting: RHB Devin Brown
|
0-0: Fly out, F7 (Flyball, 7, EV 94.4 MPH)
|
Top of the 8th over - 0 runs, 1 hit, 0 errors, 3 left on base; Hudson Valley 11 - Tri-City 6 |
BOTTOM OF THE 8TH |
Tri-City ValleyCats batting - Pitching for Hudson Valley Renegades : LHP Toshiaki Wada
|
Batting: RHB Drew Coleman
|
0-0: TRIPLE (Flyball, 89XD, EV 91.9 MPH)
|
Batting: RHB Yoshitoshi Mori
|
0-0: Ground out 6-3 (Groundball, 6, EV 89.4 MPH) Drew Coleman scores
|
Pitching: RHP Joe Green
|
|
Batting: LHB Omar Marquez
|
0-0: Swinging Strike 0-1: Swinging Strike 0-2: Ball 1-2: Strikes out swinging
|
Batting: RHB Omar Amaya
|
0-0: Ball 1-0: Called Strike 1-1: Foul Ball, location: 2F 1-2: Ball 2-2: Foul Ball, location: 2F 2-2: Foul Ball, location: 2F 2-2: Strikes out looking
|
Bottom of the 8th over - 1 run, 1 hit, 0 errors, 0 left on base; Hudson Valley 11 - Tri-City 7 |
TOP OF THE 9TH |
Hudson Valley Renegades batting - Pitching for Tri-City ValleyCats : RHP Russ Greer
|
Batting: RHB Jesus Carrillo
|
0-0: Ball 1-0: SINGLE (Groundball, 4MD, EV 100.6 MPH)
|
Batting: SHB Chris Lockart
|
0-0: Sac Bunt to 2R - play at second, runner OUT! 2-6
|
Batting: SHB Josif Popovski
|
0-0: Called Strike Chris Lockart is caught stealing 2nd base 2-6 0-1: Ball 1-1: Ball 2-1: Fly out, F8 (Flyball, 8RM, EV 82.5 MPH)
|
Top of the 9th over - 0 runs, 1 hit, 0 errors, 0 left on base; Hudson Valley 11 - Tri-City 7 |
BOTTOM OF THE 9TH |
Tri-City ValleyCats batting - Pitching for Hudson Valley Renegades : RHP Joe Green
|
Batting: RHB To-wai Chen
|
0-0: Called Strike 0-1: Ground out U3 (Groundball, 34S, EV 89.4 MPH)
|
Batting: RHB Erik Smith
|
0-0: Foul Ball, location: 2F 0-1: Called Strike 0-2: Foul Ball, location: 2F 0-2: Strikes out swinging
|
Batting: SHB Sean Hill
|
0-0: Called Strike 0-1: Swinging Strike 0-2: Fly out, F7 (Flyball, 7D, EV 104.4 MPH)
|
Bottom of the 9th over - 0 runs, 0 hits, 0 errors, 0 left on base; Hudson Valley 11 - Tri-City 7 |
|